 Dungeon Crawl Stone Soup version 0.31-a0-252-gc4385922b5 (webtiles) character file.

Game seed: 4855708373837933356

108 qw the Shooter (level 4, -4/36 HPs)
             Began as a Minotaur Hexslinger on July 12, 2023.
             Killed from afar by Sigmund (9 damage)
             ... with a puff of flame
             ... on level 3 of the Dungeon.
             The game lasted 00:00:47 (2062 turns).

qw the Shooter (Minotaur Hexslinger)                Turns: 2062, Time: 00:00:48

Health: -4/36      AC:  5    Str: 13    XL:     4   Next: 58%
Magic:  4/4        EV: 11    Int: 10    God:
Gold:   102        SH:  0    Dex: 14    Spells: 4/5 levels left

rFire   x . .        Y - +1 sling (elec)
rCold   . . .        (no shield)
rNeg    . . .        h - +0 ring mail
rPois   .            (helmet restricted)
rElec   .            (no cloak)
rCorr   .            (no gloves)
SInv    .            (no boots)
Will    .....        (no amulet)
Stlth   +            (no ring)
HPRegen 0.26/turn    (no ring)
MPRegen 0.09/turn

%: no passive effects
@: no status effects
A: horns 2, retaliatory headbutt, deterioration 1, wild magic 1, heat
vulnerability 1
a: no special abilities


You were on level 3 of the Dungeon.
You visited 1 branch of the dungeon, and saw 3 of its levels.

You collected 102 gold pieces.


Innate Abilities, Weirdness & Mutations

You have a pair of horns on your head.
You reflexively headbutt those who attack you in melee.
Your body sometimes deteriorates upon taking damage.
Your spells are a little harder to cast, but a little more powerful.
You are vulnerable to heat. (rF-)


   Skills:
 - Level 2.0 Fighting
 + Level 4.9 Ranged Weapons
 - Level 1.2 Armour
 - Level 2.1 Dodging
 - Level 1.0 Spellcasting
 - Level 2.0 Hexes


You had 4 spell levels left.
You knew the following spells:

 Your Spells              Type           Power      Damage    Failure   Level
a - Slow                  Hex            20%        N/A       41%         1

Your spell library contained the following spells:

 Spells                   Type           Power      Damage    Failure   Level
 Inner Flame              Hex/Fire       3%         N/A       87%         3
 Portal Projectile        Hex/Tloc       6%         N/A       87%         3
 Cause Fear               Hex            2%         N/A       98%         4

Inventory:

Hand Weapons
 Y - a +1 sling of electrocution (weapon)
Armour
 d - the +0 pair of gloves of the Bulwark {Slay+5}
   (You found it on level 3 of the Dungeon)

   Slay:      It affects your accuracy & damage with ranged weapons and melee
   (+5).
 h - a +0 ring mail (worn)
Scrolls
 a - a scroll of identify {unknown}
 b - a scroll of enchant armour {unknown}
 f - a scroll of amnesia {unknown}
Potions
 c - a potion of curing {unknown}
 e - a potion of brilliance {unknown}

Dungeon Overview and Level Annotations

Branches:
Dungeon (3/15)

Altars:
Gozag
Nemelex Xobeh

Shops:
D:2 :

Annotations:
D:3 Sigmund


Message History

Sigmund gestures wildly while chanting.
Sigmund flickers and vanishes!
Deactivating autopickup; reactivate with Ctrl-A.
You shoot a sling bullet. The sling bullet misses the kobold.
You shoot a sling bullet. The sling bullet hits the kobold.
The kobold is severely wounded.
Something hits you.
You shoot a sling bullet. The sling bullet misses the kobold.
The kobold hits you but does no damage. Something hits you.
You shoot a sling bullet.
The sling bullet closely misses the kobold.
The kobold hits you with a +0 short sword.
You shoot a sling bullet.
The sling bullet barely misses the kobold.
The kobold misses you. You furiously retaliate!
You headbutt the kobold.
You kill the kobold!
Something hits you.
You shoot a sling bullet.
You hear a zap.
A puff of flame appears from out of thin air!
The puff of flame misses you.
You shoot a sling bullet. Something hits you.
You shoot a sling bullet.
You hear the rapid rusting of a very distant drain.
You hear a zap.
A puff of flame appears from out of thin air!
The puff of flame misses you. Something hits you.
You shoot a sling bullet. You shoot a sling bullet. Something hits you.
You shoot a sling bullet.
You hear some strange, mumbled words.
A puff of flame appears from out of thin air!
The puff of flame hits you. The fire burns you terribly!
You shoot a sling bullet.
You hear some strange, mumbled words.
A puff of flame appears from out of thin air!
The puff of flame hits you! The fire burns you terribly!
You die...

#.......# #.#.##.##......#
# ###.....#
#.#.##.##......# #.....#
#)#.##.##......# #.....#
#.#.##........## #......#
#.#.#####.....# . #......#
#.#.......#...# .
.......#####........##.###
......##.....#####.##.#
#.#..)@.?##....# #
#......#######
....>...{.)..
##....###...... #....
?..... #..%. ...... #....
..... #... .....


There were no monsters in sight!

Vanquished Creatures
  A hound (D:3)
  2 adders (D:2)
  A worm (D:2)
  A dart slug (D:2)
  An orc (D:3)
  3 endoplasms
  A giant cockroach (D:1)
  8 goblins
  9 hobgoblins
  5 ball pythons
  6 bats
  4 frilled lizards
  6 kobolds
  5 rats
53 creatures vanquished.

Notes
Turn   | Place    | Note
-------+----------+-------------------------------------------
     0 | D:1      | qw the Minotaur Hexslinger began the quest for the Orb.
     0 | D:1      | Reached XP level 1. HP: 16/16 MP: 1/1
     0 | D:1      | 0 ||| qw: Version: 0.3-a-52-g30416fa
     0 | D:1      | 0 ||| qw: Game counter: 6627
     0 | D:1      | 0 ||| qw: Melee chars always use a shield: true
     0 | D:1      | 0 ||| qw: God list: Okawaru
     0 | D:1      | 0 ||| qw: Allow faded altars: false
     0 | D:1      | 0 ||| qw: Do Orc after clearing Dungeon:15 true
     0 | D:1      | 0 ||| qw: Do second Lair branch before Depths: true
     0 | D:1      | 0 ||| qw: Lair rune preference: random
     0 | D:1      | 0 ||| qw: Goals: Normal
     0 | D:1      | 0 ||| PLANNING D:1-11
   158 | D:1      | Reached skill level 3 in Ranged Weapons
   234 | D:1      | Reached XP level 2. HP: 23/23 MP: 2/2
   736 | D:1      | Found a faded altar of an unknown god.
   836 | D:1      | 836 ||| UPGRADING to +0 ring mail.
   846 | D:1      | 846 ||| DROPPING +0 robe.
   847 | D:1      | 847 ||| DROPPING ring of wizardry.
   848 | D:1      | 848 ||| READING scroll labelled AGGUWO OJORAC.
   849 | D:1      | 849 ||| READING scroll labelled QECOIR RIOSM.
   850 | D:1      | 850 ||| DROPPING scroll of poison.
   900 | D:2      | Reached XP level 3. HP: 12/29 MP: 3/3
   947 | D:2      | 947 ||| FLEEEEING.
   956 | D:2      | 956 ||| STAIRDANCE
  1157 | D:2      | Reached skill level 4 in Ranged Weapons
  1171 | D:2      | Reached skill level 1 in Armour
  1268 | D:2      | Found Ugiykhitio's Book Emporium.
  1455 | D:2      | 1455 ||| DROPPING +6 ring of intelligence.
  1456 | D:2      | 1456 ||| READING scroll labelled LUEPNOENGE.
  1457 | D:2      | 1457 ||| DRINKING 3 bubbling orange potions.
  1457 | D:2      | Gained mutation: You do not regenerate when monsters are
                  | visible. [potion of mutation]
  1457 | D:2      | Gained mutation: Your body sometimes deteriorates upon
                  | taking damage. [potion of mutation]
  1457 | D:2      | Gained mutation: You have a pair of large horns on your
                  | head. [potion of mutation]
  1457 | D:2      | Gained mutation: You are partially covered in iridescent
                  | scales. (AC +2) [potion of mutation]
  1458 | D:2      | 1458 ||| DRINKING 2 potions of mutation.
  1458 | D:2      | Lost mutation: You are partially covered in iridescent
                  | scales. (AC +2) [potion of mutation]
  1458 | D:2      | Lost mutation: You have a pair of large horns on your head.
                  | [potion of mutation]
  1458 | D:2      | Gained mutation: Your spells are a little harder to cast,
                  | but a little more powerful. [potion of mutation]
  1458 | D:2      | Gained mutation: Your movements are slightly less
                  | encumbered by armour. (ER -2) [potion of mutation]
  1458 | D:2      | Gained mutation: You have sharp fingernails. [potion of
                  | mutation]
  1459 | D:2      | 1459 ||| DRINKING potion of mutation.
  1459 | D:2      | Lost mutation: You do not regenerate when monsters are
                  | visible. [potion of mutation]
  1459 | D:2      | Lost mutation: You have sharp fingernails. [potion of
                  | mutation]
  1459 | D:2      | Lost mutation: Your movements are slightly less encumbered
                  | by armour. (ER -2) [potion of mutation]
  1459 | D:2      | Gained mutation: You are vulnerable to heat. (rF-) [potion
                  | of mutation]
  1493 | D:3      | 1493 ||| PLANNING SEWER
  1537 | D:3      | Found a sparkling altar of Nemelex Xobeh.
  1571 | D:3      | Found an opulent altar of Gozag.
  1869 | D:3      | Reached XP level 4. HP: 31/36 MP: 4/4
  1947 | D:3      | Identified the +0 pair of gloves of the Bulwark {Slay+5}
  2046 | D:3      | Noticed Sigmund
  2060 | D:3      | HP: 8/36 [something (6)]
  2062 | D:3      | Killed from afar by Sigmund

Levels and vault maps discovered:
D:1:      sevenhm_arrival_forest_fort_small_5, layout_loops_corners,
          hellmonk_ecumenical_altar_leap_of_faith
D:2:      layout_basic, serial_shops, shop
D:3:      minmay_chambers_of_twos, layout_basic, grunt_gozag_breadcrumbs,
          mainiacjoe_overflow_cross_hatched, portal_sewer_entry_d, serial_shops,
          nicolae_shop_tiny_glass, kennysheep_decorative_pillar, uniq_sigmund

Skill      XL: |  1  2  3 |
---------------+----------+-----
Ranged Weapons | 3 4 |  4.9
Fighting       | 2 |  2.0
Armour         | 1 |  1.2
Dodging        | |  2.1
Spellcasting   | |  1.0
Hexes          | |  2.0

Action                     |  1- 3 |  4- 6 || total
---------------------------+-------+-------++-------
   Fire: Sling             |   120 |    29 ||   149
    Use: Scroll            |     3 |       ||     3
         Potion            |     3 |       ||     3
 Armour: Robe              |     7 |       ||     7
         Ring mail         |     7 |     2 ||     9
  Dodge: Dodged            |    39 |     7 ||    46

Table legend:
 A = Non-vault XP
 B = Vault XP
 C = Vault XP percentage of total XP
 D = Non-vault monster count
 E = Vault monster count
 F = Vault count percentage of total count
                 A         B        C        D         E       F
            +---------+---------+-------+---------+---------+-------
      Total |     104 |      51 |  32.9 |      45 |       8 |  15.1
            +---------+---------+-------+---------+---------+-------
        D:1 |      26 |       0 |   0.0 |      16 |       0 |   0.0
        D:2 |      57 |       0 |   0.0 |      18 |       0 |   0.0
        D:3 |      21 |      51 |  70.8 |      11 |       8 |  42.1
            +---------+---------+-------+---------+---------+-------
